 Dungeon Crawl Stone Soup version 0.28-a0-1114-g8eb0198dcf (webtiles) character file.

Game seed: 10032946004558082310

45 Garessta the Sneak (level 3, 21/21 HPs)
             Began as a Vampire Enchanter on Dec 11, 2021.
             Was a Follower of Hepliaklqana.
             Quit the game on level 1 of the Dungeon.
             The game lasted 00:01:56 (1237 turns).

Garessta the Sneak (Vampire Enchanter)              Turns: 1237, Time: 00:01:57

Health: 21/21      AC:  2    Str:  7    XL:     3   Next: 42%
Magic:  6/6        EV: 13    Int: 17    God:    Hepliaklqana [*.....]
Gold:   38         SH:  0    Dex: 16    Spells: 4/6 levels left

rFire   . . .      SeeInvis +   a - +1 dagger
rCold   . . .      Faith    .   (no shield)
rNeg    . . .      Spirit   .   b - +0 robe
rPois   .          Reflect  .   (no helmet)
rElec   .          Harm     .   (no cloak)
rCorr   .          Rampage  .   (no gloves)
Will    .....                   (no boots)
Stlth   +++.......              (no amulet)
HPRegen 0.27/turn               (no ring)
MPRegen 0.10/turn               (no ring)

@: healing quickly
A: reduced essence, alive, fangs 3, see invisible, vampiric 2
a: Exsanguinate, Renounce Religion, Recall Ancestor, Ancestor Identity


You were on level 1 of the Dungeon.
You worshipped Hepliaklqana.
Hepliaklqana was aware of your devotion.
You visited 1 branch of the dungeon, and saw 1 of its levels.

You collected 38 gold pieces.

Inventory:

Hand Weapons
 a - a +1 dagger (weapon)
Armour
 b - a +0 robe (worn)
Scrolls
 e - a scroll of enchant weapon {unknown}
 f - a scroll of enchant armour {unknown}
 g - 3 scrolls of immolation {unknown}
Potions
 c - a potion of invisibility
 d - a potion of curing {unknown}


   Skills:
 + Level 1.8 Short Blades
 + Level 2.7 Dodging
 + Level 5.1 Stealth
 + Level 2.3 Spellcasting
 + Level 4.9 Hexes


You had 4 spell levels left.
You knew the following spells:

 Your Spells              Type           Power      Damage    Failure   Level
a - Ensorcelled Hibernat  Hex/Ice        20%        N/A       11%         2

Your spell library contained the following spells:

 Spells                   Type           Power      Damage    Failure   Level
 Confusing Touch          Hex            18%        N/A       8%          3
 Tukima's Dance           Hex            18%        N/A       8%          3
 Dazzling Flash           Conj/Hex       20%        N/A       21%         3


Dungeon Overview and Level Annotations

Branches:
Dungeon (1/15)

Altars:
Hepliaklqana


Innate Abilities, Weirdness & Mutations

Your life essence is reduced to manifest your ancestor. (-10% HP)
Your natural rate of healing is accelerated.
You have razor-sharp teeth.
You have supernaturally acute eyesight. (SInv)
You are afflicted with vampirism and can become a bat while bloodless.


Message History

No target in view!
No target in view!
No target in view!
No target in view!
No target in view!
There is an open door here.
As you open the door, it creaks loudly!
There is an open door here.
A quokka comes into view.
A quokka is nearby!
A quokka is nearby!
The helpless quokka fails to defend itself.
You impale the quokka!!
You kill the quokka!
No target in view!
No target in view!
No target in view!
No target in view!
No target in view!
No target in view!
No target in view!
No target in view!
No target in view!
No target in view!
No target in view!
No target in view!
No target in view!
You open the door.
Found a faded altar of an unknown god.
There is an open door here.
Done exploring.
Done exploring.
There is a faded altar of an unknown god here.
You cannot tell which god this altar belongs to.
Convert to them anyway?
Hepliaklqana accepts your prayer! Hepliaklqana welcomes you!
Hepliaklqana forms a fragment of your life essence into the memory of your ancestor, Aahotepre!
You can now recall your ancestor.
You can now remember your ancestor's identity.
Are you sure you want to abandon this character and quit the game? (Confirm with "yes".)

.....####.......# #..##...#.##
#########)......## #...#.≈.#...
........+........#####.....≈.#..#
########.............#.......#..#
# ##..#####.....#......##...
#########..8#...###.....##..##...
........#####......###.......##..
........#...#..###..#........##..
........#......#@#..#######..##..
........##'##..#R#..# #..##..
........#...#..#.'..#######..##..
........#.88#..#.#..#.........#.)
........######.######.........#..
########..........)...........#.#
###### ###.#.....')...........).#
.....# ##'#+#.###............###
.....# #........#............#..


You could see the friendly Aahotepre the ancestor.

Vanquished Creatures
  2 endoplasms (D:1)
  2 giant cockroaches (D:1)
  5 goblins (D:1)
  4 hobgoblins (D:1)
  5 jackals (D:1)
  A kobold (D:1)
  5 quokkas (D:1)
  9 ball pythons (D:1)
  4 bats (D:1)
  2 rats (D:1)
39 creatures vanquished.

Notes
Turn   | Place    | Note
-------+----------+-------------------------------------------
     0 | D:1      | Garessta the Vampire Enchanter began the quest for the Orb.
     0 | D:1      | Reached XP level 1. HP: 13/13 MP: 3/3
    80 | D:1      | Reached XP level 2. HP: 12/19 MP: 5/5
    85 | D:1      | Learned a level 2 spell: Ensorcelled Hibernation
   943 | D:1      | Gained mutation: You are afflicted with vampirism and can
                  | become a bat while bloodless. [Vampire growth]
   943 | D:1      | Reached XP level 3. HP: 19/24 MP: 6/6
  1002 | D:1      | Reached skill level 5 in Stealth
  1233 | D:1      | Found a faded altar of an unknown god.
  1236 | D:1      | Prayed at the altar of an unknown god.
  1236 | D:1      | Became a worshipper of Hepliaklqana the Forgotten
  1236 | D:1      | Reached * piety under Hepliaklqana
  1237 | D:1      | Quit the game

Illustrated notes

Levels and vault maps discovered:
D:1:      amcnicky_arrival_blooded_trapdoor, layout_basic,
          shapermc_ecumenical_altar_mp_vishouse, chequers_serial_rivers_micro_d

Skill      XL: |  1  2  3 |
---------------+----------+-----
Stealth        | 5 |  5.1
Short Blades   | |  1.8
Dodging        | |  2.7
Spellcasting   | |  2.3
Hexes          | |  4.9

Action                   || total
-------------------------++-------
Melee: Dagger            ||   149
       Bite              ||     7
 Cast: Ensorcelled Hiber ||     9
 Stab: Sleeping          ||     7
       Distracted        ||     1
Armor: Robe              ||    37
Dodge: Dodged            ||   108

Table legend: (Time is in decaauts)
 A = Elapsed time spent in this place.
 B = Non-inter-level travel time spent in this place.
 C = Inter-level travel time spent in this place.
 D = Time resting spent in this place.
 E = Time spent auto-exploring this place.
 F = Levels seen in this place.
 G = Mean time per level.
                   A        B        C        D        E       F      G
               +--------+--------+--------+--------+--------+-----+--------+
         Total |   1225 |   1225 |      0 |      0 |    947 |   1 | 1225.0 |
       Dungeon |   1225 |   1225 |      0 |      0 |    947 |   1 | 1225.0 |
               +--------+--------+--------+--------+--------+-----+--------+

Top non-repeatable levels by time:
     D:1: 1225 daAuts
